 Dungeon Crawl Stone Soup version 0.30.0-29-ga12c61a403 (webtiles) character file.

Game seed: 11508048662816084128

321 Nicoed the Chopper (level 6, -7/52 HPs)
             Began as a Minotaur Fighter on June 20, 2023.
             Mangled by Duvessa
             ... wielding a +1 rapier of protection
              (12 damage)
             ... on level 4 of the Dungeon.
             The game lasted 00:02:01 (2529 turns).

Nicoed the Chopper (Minotaur Fighter)               Turns: 2529, Time: 00:02:01

Health: -7/52      AC:  7    Str: 22    XL:     6   Next: 22%
Magic:  5/5        EV:  9    Int:  5    God:
Gold:   157        SH:  4    Dex: 10    Spells: 5/5 levels left

rFire   + . .        n - +7 trident of Benevolence {holy, rN+}
rCold   + . .        c - +0 buckler
rNeg    + . .        b - +0 scale mail
rPois   +            (helmet restricted)
rElec   +            (no cloak)
rCorr   +            (no gloves)
SInv    .            (no boots)
Will    .....        (no amulet) Stlth
                     (no ring)
HPRegen 0.28/turn    (no ring)
MPRegen 0.09/turn

%: no passive effects
@: brilliant, lit by a corona, resistant, glowing
A: horns 2, retaliatory headbutt
a: no special abilities


You were on level 4 of the Dungeon.
You visited 1 branch of the dungeon, and saw 4 of its levels.

You collected 199 gold pieces.
You spent 42 gold pieces at shops.

Inventory:

Hand Weapons
 a - a +0 war axe
 n - the +7 trident of Benevolence (weapon) {holy, rN+}
   (You found it on level 2 of the Dungeon)

   rN:        It protects you from negative energy.
Armour
 b - a +0 scale mail (worn)
 c - a +0 buckler (worn)
Jewellery
 e - an amulet of the acrobat
Scrolls
 f - 3 scrolls of teleportation {unknown}
 g - 4 scrolls of identify {unknown}
 h - 2 scrolls of silence {unknown}
 j - a scroll of vulnerability {unknown}
 k - a scroll of torment {unknown}
 m - 2 scrolls of immolation {unknown}
Potions
 d - 4 potions of might
 l - a potion of brilliance
 o - a potion of curing
 p - a potion of haste {unknown}
 q - a potion of flight {unknown}
 r - a potion of cancellation {unknown}


   Skills:
 - Level 4.0 Fighting
 + Level 7.5 Axes
 - Level 4.0 Armour
 - Level 4.0 Shields


You had 5 spell levels left.
You didn't know any spells.
Your spell library contained the following spells:

 Spells                   Type           Power      Damage    Failure   Level
 Apportation              Tloc           0%         N/A       86%         1
 Vhi's Electric Charge    Tloc/Air       0%         N/A       99%         3
 Alistair's Intoxication  Tmut/Pois      0%         N/A       100%        5
 Arcjolt                  Conj/Air       0%         1d10      100%        5
 Plasma Beam              Fire/Air       0%         2x1d11    100%        6


Dungeon Overview and Level Annotations

Branches:
Dungeon (4/15)
 Temple: D:4-7

Altars:
Dithmenos

Shops:
D:3 *

Annotations:
D:4 Duvessa


Innate Abilities, Weirdness & Mutations

You have a pair of horns on your head.
You reflexively headbutt those who attack you in melee.


Message History

There are monsters nearby!
There are monsters nearby!
You barely miss Dowan. Dowan barely misses you. You furiously retaliate!
You headbutt Dowan!
There are monsters nearby!
You closely miss Dowan. Your headbutt misses Dowan.
Dowan is heavily wounded.
Dowan points at you and mumbles some strange words.
The puff of flame hits you! You block Duvessa's attack.
Dowan hits you with a +0 dagger. Duvessa completely misses you.
You hit Dowan.
Dowan is severely wounded.
Duvessa closely misses you. Dowan hits you but does no damage.
There are monsters nearby!
You miss Dowan.
Dowan is severely wounded.
Duvessa hits you with a +1 rapier of protection.
Dowan hits you with a +0 dagger.
You puncture Dowan!
You kill Dowan!
Duvessa weeps, and shakes her weapon.
Duvessa goes berserk!
Duvessa hits you with a +1 rapier of protection! x2
Duvessa is nearby!
You are too injured to fight recklessly!
Unknown command.
You are too injured to fight recklessly!
Unknown command.
You are too injured to fight recklessly!
Unknown command.
It was a potion of brilliance.
You feel clever all of a sudden. You block Duvessa's attack.
Unknown command.
It was a potion of resistance.
You feel protected.
Duvessa hits you with a +1 rapier of protection!
* * * LOW HITPOINT WARNING * * *
Duvessa hits you with a +1 rapier of protection!
You die...

## ##. # ##..
##. ...##
..#.##..##
.........#
.........##
......)@..##
....$.e.#..#
.......###.##
#...... #..##
### ####.##
##..###.# ##
##.##..## #
##.#...# .#
#....# #.#
##...#


You could see Duvessa (berserk).

Vanquished Creatures
  A black bear (D:4)
  A phantom (D:4)
  Dowan (D:4)
  An iguana (D:3)
  2 adders (D:2)
  An ufetubus (D:4)
  A worm (D:2)
  A dart slug (D:2)
  5 ball pythons
  3 bats
  7 endoplasms
  8 goblins
  8 hobgoblins
  6 jackals
  2 quokkas
  8 frilled lizards
  3 kobolds
  6 rats
65 creatures vanquished.

Notes
Turn   | Place    | Note
-------+----------+-------------------------------------------
     0 | D:1      | Nicoed the Minotaur Fighter began the quest for the Orb.
     0 | D:1      | Reached XP level 1. HP: 19/19 MP: 0/0
   163 | D:1      | Reached XP level 2. HP: 27/27 MP: 1/1
   364 | D:1      | Reached skill level 3 in Axes
   502 | D:1      | Reached XP level 3. HP: 33/33 MP: 2/2
   814 | D:2      | Reached skill level 4 in Axes
   975 | D:2      | Reached XP level 4. HP: 39/40 MP: 3/3
   984 | D:2      | Identified the +7 trident of Benevolence {holy, rN+}
  1563 | D:3      | Found Elyasch's General Store.
  1568 | D:3      | Bought a potion of curing for 42 gold pieces
  1696 | D:3      | Reached skill level 5 in Axes
  1704 | D:3      | Found a faded altar of an unknown god.
  2264 | D:4      | Noticed a black bear
  2268 | D:4      | Killed a black bear
  2269 | D:4      | Reached skill level 6 in Axes
  2269 | D:4      | Reached XP level 5. HP: 46/46 MP: 4/4
  2278 | D:4      | Noticed a phantom
  2285 | D:4      | Killed a phantom
  2286 | D:4      | Reached skill level 7 in Axes
  2286 | D:4      | Reached XP level 6. HP: 46/52 MP: 5/5
  2465 | D:4      | Found a shadowy altar of Dithmenos.
  2520 | D:4      | Noticed Duvessa
  2520 | D:4      | Noticed Dowan
  2527 | D:4      | Killed Dowan
  2529 | D:4      | Mangled by Duvessa

Illustrated notes

Levels and vault maps discovered:
D:1:      minmay_arrival_solitary_statue, layout_basic
D:2:      layout_basic, serial_forest, infiniplex_forest_end_3,
          infiniplex_forest_clump_tiny, infiniplex_forest_straight_3,
          infiniplex_forest_clump_curved, infiniplex_forest_straight_2
D:3:      cheibrodos_helix_gallery, layout_loops_ring, serial_shops,
          nicolae_shop_crystal, chequers_ecumenical_altar_simple
D:4:      minmay_general_purpose_star, layout_cave_pods,
          mainiacjoe_overflow_swirl, skrybe_limestone_x, uniq_duvessa

Skill      XL: |  1  2  3  4  5 |
---------------+----------------+-----
Shields        | 4 |  4.0
Fighting       | 4 |  4.0
Armour         | 4 |  4.0
Axes           | 3 4 6 7 |  7.5

Action                     |  1- 3 |  4- 6 || total
---------------------------+-------+-------++-------
  Melee: War axe           |    80 |     8 ||    88
         Headbutt          |     7 |     3 ||    10
         Trident           |       |    39 ||    39
    Use: Potion            |       |     2 ||     2
 Armour: Scale mail        |    39 |     8 ||    47
  Dodge: Dodged            |    39 |    14 ||    53
  Block: Buckler           |    27 |     7 ||    34
